 Dungeon Crawl Stone Soup version 0.30-a0-1114-gd936c97349 (webtiles) character file.

Game seed: 8700400208655711761

4500 retardedninja the Magician (level 10, -14/74 HPs)
             Began as a Gnoll Fire Elementalist on Apr 20, 2023.
             Was an Initiate of Cheibriados.
             Demolished by a two-headed ogre
             ... wielding a +0 giant club
              (18 damage)
             ... on level 9 of the Dungeon.
             The game lasted 00:16:02 (13686 turns).

retardedninja the Magician (GnFE)                  Turns: 13686, Time: 00:16:03

Health: -14/74     AC:  6    Str:  8      XL:     10   Next: 38%
Magic:  12/21      EV: 15    Int: 20      God:    Cheibriados [......]
Gold:   414        SH:  0    Dex: 13 (14) Spells: 17/24 levels left

rFire   . . .      SeeInvis .    s - +3 war axe
rCold   + . .      Faith    .    (no shield)
rNeg    . . .      Spirit   .    o - +0 robe
rPois   +          Reflect  .    (no helmet)
rElec   .          Rampage  .    (no cloak)
rCorr   .                        w - +0 pair of gloves
Will    .....                    r - +2 pair of boots
Stlth   +++                      (no amulet)
HPRegen 0.32/turn                h - ring of protection from cold
MPRegen 0.17/turn                z - ring of poison resistance

@: very slow
A: fangs 1, strong nose, distributed training
a: Renounce Religion


You were on level 9 of the Dungeon.
You worshipped Cheibriados.
Cheibriados was noncommittal.
You visited 2 branches of the dungeon, and saw 10 of its levels.

You collected 414 gold pieces.

Inventory:

Hand Weapons
 s - a +3 war axe (weapon)
Missiles
 p - 4 throwing nets
Armour
 o - a +0 robe (worn)
 r - a +2 pair of boots (worn)
 w - a +0 pair of gloves (worn)
Jewellery
 h - a ring of protection from cold (left hand)
 z - a ring of poison resistance (right hand)
Wands
 a - a wand of flame (10)
 t - a wand of quicksilver (10)
 x - a wand of polymorph (14)
 D - a wand of roots (10)
Scrolls
 f - 3 scrolls of amnesia
 j - 2 scrolls of vulnerability
 k - 2 scrolls of magic mapping
 m - a scroll of poison
 n - a scroll of blinking {unknown}
 q - a scroll of fear
 u - 2 scrolls of immolation
 y - 4 scrolls of teleportation
 C - a scroll of silence {unknown}
Potions
 b - a potion of berserk rage {unknown}
 c - a potion of curing
 e - 4 potions of flight
 g - a potion of attraction {unknown}
 i - a potion of lignification
 v - 2 potions of might
 B - a potion of mutation


   Skills:
 + Level 5.4 Fighting
 + Level 5.4 Short Blades
 + Level 5.4 Long Blades
 + Level 5.4 Axes
 + Level 5.4 Maces & Flails
 + Level 5.4 Polearms
 + Level 5.4 Staves
 + Level 5.4 Ranged Weapons
 + Level 5.4 Throwing
 + Level 5.4 Armour
 + Level 7.2 Dodging
 + Level 6.9 Stealth
 + Level 5.4 Shields
 + Level 5.4 Unarmed Combat
 + Level 7.5 Spellcasting
 + Level 5.0 Conjurations
 + Level 4.5 Hexes
 + Level 4.5 Summonings
 + Level 4.5 Necromancy
 + Level 4.5 Translocations
 + Level 4.5 Transmutations
 + Level 7.1 Fire Magic
 + Level 4.5 Ice Magic
 + Level 4.5 Air Magic
 + Level 4.5 Earth Magic
 + Level 4.5 Poison Magic
 + Level 6.0 Invocations
 + Level 5.4 Evocations


You had 17 spell levels left.
You knew the following spells:

 Your Spells              Type           Power      Damage    Failure   Level
a - Foxfire               Conj/Fire      100%       2x1d9     1%          1
b - Scorch                Fire           72%        2d8       1%          2
c - Flame Wave            Conj/Fire      32%        2d9       7%          4

Your spell library contained the following spells:

 Spells                   Type           Power      Damage    Failure   Level
 Apportation              Tloc           50%        N/A       1%          1
 Sublimation of Blood     Necr           25%        N/A       2%          2
 Wereblood                Tmut           25%        N/A       2%          2
 Inner Flame              Hex/Fire       30%        N/A       2%          3
 Volatile Blastmotes      Fire/Tloc      60%        2d15      2%          3
 Portal Projectile        Hex/Tloc       50%        N/A       4%          3
 Tukima's Dance           Hex            25%        N/A       4%          3
 Alistair's Intoxication  Tmut/Pois      16%        N/A       36%         5
 Blade Hands              Tmut           12%        N/A       36%         5
 Summon Hydra             Summ           12%        N/A       100%        7


Dungeon Overview and Level Annotations

Branches:
Dungeon (9/15)             Temple (1/1) D:5
   Lair: D:8-11         Orc: D:9-12

Altars:
Ashenzari
Cheibriados
Elyvilon
Gozag
Hepliaklqana
Kikubaaqudgha
Makhleb
Nemelex Xobeh
Okawaru
Qazlal
Ru
Sif Muna
Trog
Wu Jian
Xom
Yredelemnul

Shops:
D:7 :   D:8 (

Annotations:
D:9 1 transporter


Innate Abilities, Weirdness & Mutations

You have very sharp teeth.
Your uncanny sense of smell can sniff out nearby items.
Your experience applies equally to all skills.


Message History

You kill the steam dragon!
Cheibriados thoroughly appreciates the change of pace.
You feel your dexterity returning.
Your Invocations skill increases to level 6!
A two-headed ogre is nearby!
A two-headed ogre is nearby!
A two-headed ogre is nearby!
You are too injured to fight recklessly!
You see here a ring of willpower.
Casting: Foxfire (safe; 1% risk of failure)
Confirm with . or Enter, or press ? or * to list all spells.
Flames lash the two-headed ogre.
The two-headed ogre is lightly wounded.
The two-headed ogre's fire resistance burns away.
Unknown command.
Casting: Scorch (safe; 1% risk of failure)
Confirm with . or Enter, or press ? or * to list all spells.
Flames lash the two-headed ogre.
The two-headed ogre is burned terribly!
The two-headed ogre is moderately wounded.
The two-headed ogre completely misses you.
The two-headed ogre misses you.
Unknown command.
Casting: Scorch (safe; 1% risk of failure)
Confirm with . or Enter, or press ? or * to list all spells.
Flames lash the two-headed ogre.
The two-headed ogre is burned terribly!
The two-headed ogre is heavily wounded.
Unknown command.
Casting: Scorch (safe; 1% risk of failure)
Confirm with . or Enter, or press ? or * to list all spells.
Flames lash the two-headed ogre.
The two-headed ogre is burned terribly!
The two-headed ogre is severely wounded.
The two-headed ogre hits you with a +0 giant club!!
* * * LOW HITPOINT WARNING * * *
The two-headed ogre hits you with a +0 dire flail.
* * * LOW HITPOINT WARNING * * *
You feel better.
The two-headed ogre hits you with a +0 giant club!
* * * LOW HITPOINT WARNING * * *
The two-headed ogre hits you with a +0 dire flail!!
You die...

......... ∆ ........#
........# ........#
........# ........######
......O......#
.......@.....#
.......=.....###########
...#......!.)...........
. ##...................
##..)...............
##..............###
##.......[.#.....###
##.........###....#..
..#.........## ##.....#


You could see a two-headed ogre (combustible).

Vanquished Creatures
  A kobold demonologist (D:9)
  A hornet (D:8)
  Prince Ribbit (D:7)
  Sigmund (D:2)
  A vampire (D:8)
  A shadow (D:5)
  Eustachio (D:5)
  3 steam dragons
  A water moccasin (D:7)
  Edmund (D:5)
  An orc warrior (D:8)
  2 ice beasts
  2 sky beasts
  An ogre (D:6)
  5 black bears
  3 centaurs
  A phantom (D:5)
  A kobold brigand (D:7)
  A gnoll sergeant (D:6)
  3 bullfrogs
  3 scorpions
  3 killer bees (D:7)
  3 hounds
  A jelly (D:6)
  An orc priest (D:3)
  2 gnoll boudas
  2 iguanas
  Ijyb (D:3)
  4 orc wizards
  12 gnolls
  9 adders
  2 river rats (D:5)
  A shadow imp (D:7)
  2 white imps
  2 ufetubi
  3 worms
  4 dart slugs
  23 orcs
  3 ball pythons
  4 bats
  4 endoplasms
  5 giant cockroaches
  3 goblins
  4 hobgoblins
  3 jackals (D:1)
  4 quokkas
  4 frilled lizards (D:1)
  9 kobolds
  5 rats
158 creatures vanquished.

Vanquished Creatures (collateral kills)
  A foxfire (D:1)
1 creature vanquished.

Vanquished Creatures (others)
  600 foxfires
600 creatures vanquished.

Grand Total: 759 creatures vanquished

Notes
Turn   | Place    | Note
-------+----------+-------------------------------------------
     0 | D:1      | retardedninja the Gnoll Fire Elementalist began the quest
                  | for the Orb.
     0 | D:1      | Reached XP level 1. HP: 13/13 MP: 6/6
   232 | D:1      | Reached XP level 2. HP: 20/20 MP: 2/7
   551 | D:1      | Found a faded altar of an unknown god.
  1071 | D:1      | Reached skill level 5 in Spellcasting
  1071 | D:1      | Reached XP level 3. HP: 25/25 MP: 6/9
  1283 | D:2      | Noticed Sigmund
  1293 | D:2      | Killed Sigmund
  1294 | D:2      | Reached skill level 1 in Fighting
  1294 | D:2      | Reached skill level 1 in Short Blades
  1294 | D:2      | Reached skill level 1 in Long Blades
  1294 | D:2      | Reached skill level 1 in Axes
  1294 | D:2      | Reached skill level 1 in Maces & Flails
  1294 | D:2      | Reached skill level 1 in Polearms
  1294 | D:2      | Reached skill level 1 in Staves
  1294 | D:2      | Reached skill level 1 in Ranged Weapons
  1294 | D:2      | Reached skill level 1 in Throwing
  1294 | D:2      | Reached skill level 1 in Armour
  1294 | D:2      | Reached skill level 1 in Shields
  1294 | D:2      | Reached skill level 1 in Unarmed Combat
  1294 | D:2      | Reached skill level 1 in Hexes
  1294 | D:2      | Reached skill level 1 in Summonings
  1294 | D:2      | Reached skill level 1 in Necromancy
  1294 | D:2      | Reached skill level 1 in Translocations
  1294 | D:2      | Reached skill level 1 in Transmutations
  1294 | D:2      | Reached skill level 1 in Ice Magic
  1294 | D:2      | Reached skill level 1 in Air Magic
  1294 | D:2      | Reached skill level 1 in Earth Magic
  1294 | D:2      | Reached skill level 1 in Poison Magic
  1294 | D:2      | Reached skill level 1 in Invocations
  1294 | D:2      | Reached skill level 1 in Evocations
  1294 | D:2      | Reached XP level 4. HP: 22/32 MP: 6/11
  1294 | D:2      | Reached XP level 5. HP: 25/37 MP: 6/12
  2799 | D:3      | Reached XP level 6. HP: 44/44 MP: 9/13
  3081 | D:3      | Noticed Ijyb
  3123 | D:3      | Killed Ijyb
  3124 | D:3      | Reached skill level 5 in Dodging
  3832 | D:3      | Found a sparkling altar of Nemelex Xobeh.
  4334 | D:3      | Learned a level 2 spell: Scorch
  4897 | D:4      | Noticed a black bear
  4907 | D:4      | Killed a black bear
  4908 | D:4      | Reached XP level 7. HP: 47/51 MP: 6/15
  5208 | D:4      | Identified the +0 leather armour of Fushrom {Int+3}
  5708 | D:4      | Found an ornate altar of the Wu Jian Council.
  5788 | D:5      | Entered Level 5 of the Dungeon
  5998 | D:5      | Reached skill level 5 in Stealth
  6481 | D:5      | Noticed a shadow
  6492 | D:5      | Killed a shadow
  6493 | D:5      | Reached XP level 8. HP: 14/58 MP: 10/16
  7024 | D:5      | Noticed Eustachio
  7056 | D:5      | Killed Eustachio
  7191 | D:5      | Identified the +2 scale mail of Precision Catastrophes
                  | {Will- Str+6 Stlth+}
  7201 | D:5      | Noticed Edmund
  7216 | D:5      | Killed Edmund
  7520 | D:5      | Found a faded altar of an unknown god.
  7521 | D:5      | Found a hazy altar of Hepliaklqana.
  7605 | D:5      | Found a staircase to the Ecumenical Temple.
  7613 | Temple   | Entered the Ecumenical Temple
  8704 | D:6      | Reached XP level 9. HP: 21/65 MP: 5/18
  9868 | D:7      | Reached skill level 5 in Invocations
 10386 | D:7      | Found Filipni's Vocational Training.
 10736 | D:7      | Noticed Prince Ribbit
 10768 | D:7      | Killed Prince Ribbit
 11031 | D:8      | Reached skill level 5 in Fighting
 11031 | D:8      | Reached skill level 5 in Short Blades
 11031 | D:8      | Reached skill level 5 in Long Blades
 11031 | D:8      | Reached skill level 5 in Axes
 11031 | D:8      | Reached skill level 5 in Maces & Flails
 11031 | D:8      | Reached skill level 5 in Polearms
 11031 | D:8      | Reached skill level 5 in Staves
 11031 | D:8      | Reached skill level 5 in Ranged Weapons
 11031 | D:8      | Reached skill level 5 in Throwing
 11031 | D:8      | Reached skill level 5 in Armour
 11031 | D:8      | Reached skill level 5 in Shields
 11031 | D:8      | Reached skill level 5 in Unarmed Combat
 11031 | D:8      | Reached skill level 5 in Evocations
 11031 | D:8      | Reached XP level 10. HP: 57/74 MP: 10/20
 11367 | D:8      | Found Irre's Antique Weapon Shop.
 11413 | D:8      | Paralysed by a hornet for 1 turns
 11719 | D:8      | Found a snail-covered altar of Cheibriados.
 11742 | D:8      | Became a worshipper of Cheibriados the Contemplative
 11800 | D:8      | Found a burning altar of Makhleb.
 12497 | D:9      | Identified the +0 scale mail of Skepticism {*Corrode rPois
                  | rC+++ rN+}
 12512 | D:9      | Found a broken altar of Ashenzari.
 12543 | D:9      | Noticed a two-headed ogre
 12770 | D:9      | Noticed a kobold demonologist
 13326 | D:8      | Learned a level 4 spell: Flame Wave
 13335 | D:9      | Killed a kobold demonologist
 13336 | D:9      | Reached skill level 5 in Conjurations
 13607 | D:9      | Found a transporter.
 13686 | D:9      | Demolished by a two-headed ogre

Illustrated notes

Levels and vault maps discovered:
D:1:      shiori_arrival_maze, layout_loops_ring, basic_ecumenical_altar,
          serial_forest, infiniplex_forest_straight_3,
          infiniplex_forest_zigzag_1, infiniplex_forest_clump_curved,
          infiniplex_forest_clump_curved, infiniplex_forest_zigzag_1,
          infiniplex_forest_clump_curved, infiniplex_forest_straight_3,
          infiniplex_forest_lined_4_way, minmay_misc_feat_roman, chequers_garden
D:2:      layout_basic, roderic_serpentine_path, uniq_sigmund
D:3:      layout_loops_ring, nemelex_dance_club_becter, chequers_mini_garden,
          nicolae_elevator_lobby_asterisk, uniq_ijyb
D:4:      layout_basic, nicolae_wu_jian_immortal_techniques
D:5:      layout_loops_ring, beargit_hepliaklqana_dungeon_heroes, temple_green,
          gup_sewer_entry_spiral, corexii_corridor_pit, uniq_eustachio
D:6:      layout_loops_ring
D:7:      layout_rooms, minmay_misc_feat_pillars, st_stairs_10,
          nicolae_shop_vocational, uniq_prince_ribbit1
D:8:      layout_gridville, slow_altar_1, amcnicky_altar_gilded, serial_shops,
          nicolae_shop_stone
D:9:      layout_big_octagon, nicolae_tso_carved_into_rock,
          nicolae_ashenzari_skybound, nicolae_diode_basic
Temple:   dpeg_chambers_temple

Skill      XL: |  1  2  3  4  5  6  7  8  9 10 |
---------------+-------------------------------+-----
Conjurations   | 2 3 4 5 |  5.0
Spellcasting   | 5 6 7 |  7.5
Fighting       | 1 2 3 5 |  5.4
Short Blades   | 1 2 3 5 |  5.4
Long Blades    | 1 2 3 5 |  5.4
Axes           | 1 2 3 5 |  5.4
Maces & Flails | 1 2 3 5 |  5.4
Polearms       | 1 2 3 5 |  5.4
Staves         | 1 2 3 5 |  5.4
Ranged Weapons | 1 2 3 5 |  5.4
Throwing       | 1 2 3 5 |  5.4
Armour         | 1 2 3 5 |  5.4
Shields        | 1 2 3 5 |  5.4
Unarmed Combat | 1 2 3 5 |  5.4
Hexes          | 1 2 3 4 |  4.5
Summonings     | 1 2 3 4 |  4.5
Necromancy     | 1 2 3 4 |  4.5
Translocations | 1 2 3 4 |  4.5
Transmutations | 1 2 3 4 |  4.5
Ice Magic      | 1 2 3 4 |  4.5
Air Magic      | 1 2 3 4 |  4.5
Earth Magic    | 1 2 3 4 |  4.5
Poison Magic   | 1 2 3 4 |  4.5
Invocations    | 1 2 3 4 5 6 |  6.0
Evocations     | 1 2 3 5 |  5.4
Dodging        | 5 6 7 |  7.2
Stealth        | 5 6 |  6.9
Fire Magic     | 6 7 |  7.1

Action                     |  1- 3 |  4- 6 |  7- 9 | 10-12 || total
---------------------------+-------+-------+-------+-------++-------
  Melee: Unarmed           |     1 |     6 |       |       ||     7
         Mace              |       |    15 |    21 |       ||    36
         Bite              |       |     1 |     7 |       ||     8
         War axe           |       |       |    43 |     2 ||    45
         Punch             |       |       |     1 |       ||     1
   Cast: Foxfire           |    59 |   136 |   156 |    44 ||   395
         Scorch            |       |     4 |    98 |    24 ||   126
         Flame Wave        |       |       |       |     4 ||     4
  Evoke: Wand              |       |     2 |     4 |     4 ||    10
    Use: Scroll            |       |     2 |    14 |     3 ||    19
         Potion            |       |     1 |     2 |     6 ||     9
 Armour: Robe              |     6 |    12 |    54 |    44 ||   116
  Dodge: Dodged            |    24 |    52 |   184 |    90 ||   350

Table legend: (Time is in decaauts)
 A = Elapsed time spent in this place.
 B = Non-inter-level travel time spent in this place.
 C = Inter-level travel time spent in this place.
 D = Time resting spent in this place.
 E = Time spent auto-exploring this place.
 F = Levels seen in this place.
 G = Mean time per level.
                   A        B        C        D        E       F      G
               +--------+--------+--------+--------+--------+-----+--------+
         Total |  13939 |  13692 |    247 |   3775 |   8116 |  10 | 1393.9 |
       Dungeon |  13724 |  13479 |    245 |   3775 |   7913 |   9 | 1524.9 |
        Temple |    214 |    212 |      2 |      0 |    203 |   1 |  214.0 |
               +--------+--------+--------+--------+--------+-----+--------+

Top non-repeatable levels by time:
     D:8: 2131 daAuts
     D:3: 1967 daAuts
     D:5: 1907 daAuts
     D:6: 1848 daAuts
     D:7: 1477 daAuts
     D:4: 1435 daAuts
     D:1: 1283 daAuts
     D:2: 1105 daAuts
     D:9: 568 daAuts
  Temple: 214 daAuts
